 Dungeon Crawl Stone Soup version 0.18-a0-1639-g7533f42 (webtiles) character file.

617 namelastname112 the Martial Artist (level 7, 57/57 HPs)
             Began as a Green Draconian Monk on Mar 27, 2016.
             Was a Follower of Ru.
             Quit the game on level 4 of the Dungeon.
             The game lasted 00:05:14 (4459 turns).

namelastname112 the Martial Artist (DrMo)           Turns: 4459, Time: 00:05:15

Health: 57/57      AC:  6    Str: 14    XL:     7   Next: 21%
Magic:  7/7        EV: 13    Int: 10    God:    Ru [*.....]
Gold:   139        SH:  0    Dex: 15    Spells: 0 memorised, 6 levels left

rFire  . . .     SeeInvis .       - Unarmed
rCold  . . .     Gourm    .     (armour unavailable)
rNeg   . . .     Faith    .     (no shield)
rPois  +         Spirit   .     (helmet restricted)
rElec  .         Dismiss  .     (no cloak)
rCorr  .         Reflect  .     (no gloves)
SustAt .         Harm     .     (no boots)
MR     .....                    (no amulet)
Stlth  +.........               m - ring of loudness
                                u - ring of poison resistance

@: not resistant to hostile enchantments, very unstealthy
A: breathe noxious fumes, unfitting armour, poison resistance, cold-blooded,
hated by all, AC +6
a: Breathe Noxious Fumes, Renounce Religion


You were on level 4 of the Dungeon.
You worshipped Ru.
Ru was aware of your devotion.
You were not hungry.

You visited 1 branch of the dungeon, and saw 4 of its levels.

You collected 139 gold pieces.

Inventory:

Jewellery
 d - an uncursed ring of positive energy
 j - an uncursed ring of magical power
 m - a ring of loudness (right hand)
 q - an uncursed ring of flight
 u - a ring of poison resistance (left hand)
Scrolls
 e - a scroll of enchant weapon
 f - a scroll of random uselessness {unknown}
 i - 3 scrolls of amnesia
 n - a scroll of immolation
Potions
 b - 2 potions of curing
 c - a potion of agility
 g - a potion of cancellation {unknown}
 k - a potion of heal wounds {unknown}
 o - a potion of lignification {unknown}
 p - a potion of haste
 r - a potion of brilliance {unknown}
Comestibles
 a - a bread ration
 h - a meat ration
 l - 2 chunks of flesh
 t - 10 fruits


   Skills:
 - Level 3.2 Fighting
 - Level 2.6 Dodging
 - Level 1.7 Stealth
 + Level 8.8 Unarmed Combat


You had 6 spell levels left.
You didn't know any spells.

Dungeon Overview and Level Annotations

Branches:
Dungeon (4/15)
 Temple: D:4-7

Altars:
Kikubaaqudgha
Ru
Xom


Innate Abilities, Weirdness & Mutations

You can breathe blasts of noxious fumes.
Your lurid green scales are hard (AC +6).
Your body does not fit into most forms of armour.
Your system is resistant to poisons.
You are cold-blooded and may be slowed by cold attacks.
You are hated by all.


Message History

You barely miss the orc. You tail-slap the orc.
The orc is lightly wounded.
You redirect the orc's attack!
The orc hits itself with a dagger.
You barely miss the orc.
The orc is moderately wounded.
The orc hits you but does no damage.
You hit the orc.
Your tail-slap misses the orc.
The orc is severely wounded.
The orc hits you but does no damage.
You barely miss the orc.
The orc is severely wounded.
The orc closely misses you.
You hit the orc.
You kill the orc!
No target in view!
You start resting.
HP restored.
You see here a dagger.
Found a cyan potion.
Are you sure you want to abandon this character and quit the game? (Confirm with "yes".)

#....#(#<##
#........#
#....##[.#
#######..####
#)(...#
########...#.#
#......#...#
..
#......#)..#
.#
#......@...# #
#......##.##
##..... .>#
#..... ###
#..... #......
..##### !#


There were no monsters in sight!

Vanquished Creatures
  The ghost of namelastname112 the Ruffian, an amateur DrMo (D:4)
  2 ogres
  A howler monkey (D:3)
  2 orc priests (D:3)
  2 orc wizards (D:4)
  2 worker ants (D:4)
  3 adders
  An adder skeleton (D:4)
  3 worms (D:3)
  A dart slug (D:3)
  4 giant geckos
  11 orcs
  A ball python (D:3)
  5 giant cockroaches
  9 goblins
  7 hobgoblins
  A quokka (D:3)
  2 bats
  A giant newt (D:1)
  6 kobolds
  6 rats (D:1)
71 creatures vanquished.

Notes
Turn   | Place    | Note
--------------------------------------------------------------
     0 | D:1      | namelastname112 the Draconian Monk began the quest for the Orb.
     0 | D:1      | Reached XP level 1. HP: 19/19 MP: 1/1
   235 | D:1      | Reached XP level 2. HP: 20/26 MP: 2/2
   975 | D:2      | Reached skill level 5 in Unarmed Combat
   978 | D:2      | Reached XP level 3. HP: 27/31 MP: 3/3
  1061 | D:2      | Found an ancient bone altar of Kikubaaqudgha.
  1919 | D:3      | Reached XP level 4. HP: 22/38 MP: 4/4
  2146 | D:4      | Reached skill level 6 in Unarmed Combat
  2344 | D:4      | Noticed namelastname112's ghost (amateur DrMo)
  2361 | D:3      | Reached XP level 5. HP: 7/45 MP: 5/5
  2845 | D:3      | Noticed an ogre
  2855 | D:3      | Killed an ogre
  2855 | D:3      | Reached skill level 7 in Unarmed Combat
  3202 | D:3      | Found a shimmering altar of Xom.
  3329 | D:4      | Reached XP level 6. HP: 34/51 MP: 6/6
  3774 | D:4      | Reached skill level 8 in Unarmed Combat
  4222 | D:4      | Found a sacrificial altar of Ru.
  4225 | D:4      | Became a worshipper of Ru the Awakened
  4239 | D:4      | Gained mutation: You are hated by all. [Ru sacrifice]
  4239 | D:4      | Reached * piety under Ru
  4327 | D:4      | Killed namelastname112's ghost
  4327 | D:4      | Your scales start taking on a lurid green colour.
  4327 | D:4      | Reached XP level 7. HP: 32/57 MP: 7/7
  4327 | D:4      | Gained mutation: Your system is resistant to poisons. [Green Draconian growth]
  4459 | D:4      | Quit the game

Vault maps used:
D:1:      matt_arrival_diagonals, minmay_misc_feat_x
D:2:      kiku_gazebo_garden_becter
D:3:      tgw_xom, minmay_misc_feat_pillars, dk_noncrumbling_4, st_stairs_9,
          roderic_lattice_a, minmay_stone_trees_medium, dk_vineyard_2
D:4:      grunt_temple_overflow_lords_of_destruction, kennysheep_mini,
          minitemple, first_bread

Skill      XL: |  1  2  3  4  5  6 |
---------------+-------------------+-----
Unarmed Combat | 5 6 7 8 |  8.8
Fighting       | |  3.2
Dodging        | |  2.6
Stealth        | |  1.7

Action                   |  1- 3 |  4- 6 |  7- 9 || total
-------------------------+-------+-------+-------++-------
Melee: Unarmed           |    90 |   170 |     6 ||   266
Invok: Sacrifice Love    |       |     1 |       ||     1
 Abil: Breathe Noxious F |       |       |     1 ||     1
  Use: Potion            |       |     3 |       ||     3
       Scroll            |       |     7 |       ||     7
 Stab: Sleeping          |     4 |       |       ||     4
       Confused          |       |       |     1 ||     1
  Eat: Chunk             |     2 |     6 |     1 ||     9
       Fruit             |       |     3 |       ||     3
